 Dungeon Crawl Stone Soup version 0.19.5 (webtiles) character file.

4218 Peloso the Carver (level 10, -5/88 HPs)
             Began as a Minotaur Fighter on May 6, 2017.
             Was a Believer of Okawaru.
             Slain by a soul eater (6 damage)
             ... summoned by an orc sorcerer
             ... in a bailey.
             The game lasted 00:20:08 (7347 turns).

Peloso the Carver (Minotaur Fighter)                Turns: 7347, Time: 00:20:08

Health: -5/88      AC: -1    Str: 23    XL:     10   Next: 9%
Magic:  9/9        EV:  5    Int:  5    God:    Okawaru [**....]
Gold:   389        SH: 11    Dex: 11    Spells: 0 memorised, 9 levels left

rFire  . . .     SeeInvis .     a - +1 long sword
rCold  . . .     Gourm    .     F - +0 plate armour
rNeg   . . .     Faith    .     c - +0 shield
rPois  .         Spirit   .     (helmet restricted)
rElec  .         Reflect  .     k - +0 cloak
rCorr  .         Harm     .     M - +0 pair of gloves
MR     +....                    (no boots)
Stlth  ..........               (no amulet)
                                y - +3 ring of protection
                                p - ring of protection from magic

@: exhausted, corroded, slowed, drained, very slow
A: retaliatory headbutt, horns 2
a: Heroism, Renounce Religion


You were in a bailey.
You worshipped Okawaru.
Okawaru was pleased with you.
You were hungry.

You visited 2 branches of the dungeon, and saw 9 of its levels.
You also visited: Sewer and Bailey.

You collected 434 gold pieces.
You spent 45 gold pieces at shops.

Inventory:

Hand Weapons
 a - a +1 long sword (weapon)
 E - a +3 spear
Armour
 c - a +0 shield (worn)
 k - a +0 cloak (worn)
 F - a +0 plate armour (worn)
 M - a +0 pair of gloves (worn)
Jewellery
 p - a ring of protection from magic (left hand)
 v - an uncursed ring of positive energy
 y - a +3 ring of protection (right hand)
Wands
 g - a wand of iceblast (3/15)
 j - a wand of digging (21/24)
 L - a wand of flame (19/48)
Scrolls
 e - 2 scrolls of teleportation
 n - 2 scrolls of blinking
 o - a scroll of identify
 q - 4 scrolls of magic mapping
 r - a scroll of amnesia
 w - 2 scrolls of recharging
 A - a scroll of remove curse
Potions
 d - 5 potions of might
 h - 2 potions of ambrosia
 i - 2 potions of haste
 m - a potion of lignification {unknown}
 s - a potion of cancellation
 t - 4 potions of resistance {unknown}
 u - 2 potions of beneficial mutation {unknown}
 z - 6 potions of curing {unknown}
 B - 3 potions of magic {unknown}
 D - a potion of heal wounds {unknown}
 G - a potion of invisibility {unknown}
 J - a potion of flight
 N - a potion of mutation {unknown}
Comestibles
 f - 3 bread rations
 l - 4 fruits
 C - 2 meat rations


   Skills:
 + Level 8.1(6.9) Fighting
 + Level 11.3(10.0) Long Blades
 + Level 8.4(7.2) Armour
 + Level 2.1(1.0) Dodging
 + Level 0.6(0.0) Stealth
 + Level 8.6(7.4) Shields
 + Level 0.3(0.0) Evocations


You had 9 spell levels left.
You didn't know any spells.

Dungeon Overview and Level Annotations

Branches:
Dungeon (8/15)             Temple (1/1) D:5
   Lair: D:8-11

Altars:
Ashenzari
Cheibriados
Dithmenos
Elyvilon
Fedhas
Gozag
Hepliaklqana
Kikubaaqudgha
Makhleb
Nemelex Xobeh
Okawaru
Qazlal
Ru
Sif Muna
Trog
Uskayaw
Vehumet
Xom
Yredelemnul
The Shining One

Shops:
D:6 **   D:7 :   D:8 :


Innate Abilities, Weirdness & Mutations

You reflexively headbutt those who attack you in melee.
You have a pair of horns on your head.


Message History

The soul eater is heavily wounded.
Unknown command.
You are no longer berserk.
You are exhausted.
You feel yourself slow down. You block the soul eater's attack.
The soul eater closely misses you.
The orc sorcerer mumbles some strange words.
You block the goblin's attack.
Found an iron altar of Okawaru.
You hit the soul eater but do no damage.
You headbutt the soul eater, but do no damage.
The soul eater is heavily wounded.
The soul eater barely misses you. You furiously retaliate!
You headbutt the soul eater, but do no damage.
The goblin hits you with a hand axe.
* * * LOW HITPOINT WARNING * * *
The soul eater hits you!
* * * LOW HITPOINT WARNING * * *
You feel drained.
You die... ..) ###### ......#+## _........+ .....8.# .ogo4#

###38g#
#######...@.#
#.....#...8.#
#.....#.....#
#..⌠..#..####
+.....'..#
+.....'..#
#####'''#####
#...........#
##≈≈≈≈...≈≈≈≈####


You could see a soul eater, a chaos spawn, an orc sorcerer, an orc and 2
goblins.

Vanquished Creatures
  The ghost of Chifra the Cudgeler, a novice DsGl of Kikubaaqudgha (Bailey)
  Pikel (D:4)
  A kobold demonologist (Bailey)
  A hippogriff (D:5)
  Sigmund (D:2)
  3 slaves (D:4)
  4 orc warriors
  A phantom (D:6)
  A necrophage (D:7)
  4 ogres
  A centaur (D:7)
  3 big kobolds (Sewer)
  2 bullfrogs
  2 scorpions
  7 wights
  Crazy Yiuf (D:2)
  A crimson imp (D:6)
  5 hounds
  A quasit (D:8)
  4 orc priests
  3 bullfrog skeletons
  A jelly (D:7)
  2 iguanas (D:4)
  A worker ant (D:4)
  Ijyb (D:2)
  Terence (D:2)
  2 orc wizards
  A worker ant zombie (D:6)
  A gnoll (D:1)
  8 adders
  A river rat (Sewer)
  A shadow imp (D:5)
  2 oozes
  An adder zombie (D:5)
  3 adder skeletons
  6 worms
  A dart slug (D:1)
  8 leopard geckos
  19 orcs
  4 giant cockroaches
  17 goblins
  8 hobgoblins
  22 jackals
  9 kobolds
  5 quokkas
  3 ball pythons
  9 bats
  5 frilled lizards
  A leopard gecko skeleton (D:7)
  A leopard gecko zombie (D:6)
  A quokka zombie (D:7)
  9 rats
202 creatures vanquished.

Vanquished Creatures (others)
  An orc priest (D:4)
  2 orcs (D:4)
3 creatures vanquished.

Grand Total: 205 creatures vanquished

Notes
Turn   | Place    | Note
-------+----------+-------------------------------------------
     0 | D:1      | Peloso the Minotaur Fighter began the quest for the Orb.
     0 | D:1      | Reached XP level 1. HP: 19/19 MP: 0/0
   112 | D:1      | Reached XP level 2. HP: 27/27 MP: 1/1
   577 | D:1      | Reached XP level 3. HP: 33/33 MP: 2/2
   741 | D:2      | Noticed Sigmund
   757 | D:2      | Killed Sigmund
   757 | D:2      | Reached skill level 4 in Long Blades
   757 | D:2      | Reached XP level 4. HP: 6/41 MP: 3/3
   757 | D:2      | Reached XP level 5. HP: 7/47 MP: 4/4
  1274 | D:2      | Noticed Terence
  1280 | D:2      | Killed Terence
  1280 | D:2      | Reached skill level 1 in Dodging
  1543 | D:2      | Found a snail-covered altar of Cheibriados.
  1544 | D:2      | Found a radiant altar of Vehumet.
  1602 | D:2      | Found a runed door.
  1707 | D:2      | Noticed Ijyb
  1730 | D:2      | Killed Ijyb
  1730 | D:2      | Reached skill level 5 in Armour
  1730 | D:2      | Reached XP level 6. HP: 55/55 MP: 5/5
  1778 | D:2      | Reached skill level 5 in Fighting
  2249 | D:3      | Found a shadowy altar of Dithmenos.
  2561 | D:3      | Reached skill level 5 in Long Blades
  2587 | D:3      | Found a glowing drain.
  2606 | Sewer    | Entered a sewer
  2780 | Sewer    | Reached skill level 5 in Shields
  3205 | Sewer    | Reached XP level 7. HP: 56/61 MP: 6/6
  3292 | D:3      | Found a stormy altar of Qazlal.
  3294 | D:3      | Found a sacrificial altar of Ru.
  3392 | D:4      | Noticed Pikel
  3416 | D:4      | Killed Pikel
  3416 | D:4      | Reached skill level 7 in Long Blades
  3416 | D:4      | Reached XP level 8. HP: 66/70 MP: 7/7
  3644 | D:4      | Found a hazy altar of Hepliaklqana.
  4197 | D:2      | Noticed Crazy Yiuf
  4202 | D:2      | Killed Crazy Yiuf
  4286 | D:5      | Entered Level 5 of the Dungeon
  4346 | D:5      | Found a staircase to the Ecumenical Temple.
  4363 | Temple   | Entered the Ecumenical Temple
  4518 | Temple   | Became a worshipper of Warmaster Okawaru
  4756 | D:5      | Reached skill level 8 in Long Blades
  4887 | D:5      | Noticed a hippogriff
  4904 | D:5      | Killed a hippogriff
  5464 | D:6      | Found a shimmering altar of Xom.
  5487 | D:6      | Found Gozag's Platinum Reserve.
  5531 | D:6      | Found Ulez's General Store.
  5539 | D:6      | Bought a scroll of magic mapping for 45 gold pieces
  5550 | D:6      | Found an opulent altar of Gozag.
  5579 | D:6      | Reached XP level 9. HP: 75/79 MP: 8/8
  5618 | D:6      | Found a glowing golden altar of the Shining One.
  5760 | D:6      | Reached skill level 9 in Long Blades
  6294 | D:7      | Reached * piety under Okawaru
  6453 | D:7      | Found Icaist's Book Boutique.
  6829 | D:8      | Reached skill level 10 in Long Blades
  6860 | D:8      | Found Uwo Qai's Book Shop.
  6976 | D:8      | Found a flagged portal.
  6988 | Bailey   | Entered a bailey
  6996 | Bailey   | Noticed Chifra's ghost (novice DsGl)
  7039 | Bailey   | Killed Chifra's ghost
  7039 | Bailey   | Reached ** piety under Okawaru
  7039 | Bailey   | Reached skill level 11 in Long Blades
  7106 | Bailey   | Reached XP level 10. HP: 49/88 MP: 7/9
  7294 | Bailey   | Noticed an orc sorcerer
  7303 | Bailey   | Noticed a smoke demon
  7304 | Bailey   | Noticed a rust devil
  7306 | Bailey   | Noticed a rust devil
  7321 | Bailey   | Noticed a soul eater
  7346 | Bailey   | Found an iron altar of Okawaru.
  7347 | Bailey   | HP: 1/88 [soul eater[an orc sorcerer] (16)]
  7347 | Bailey   | Slain by a soul eater

Skill      XL: |  1  2  3  4  5  6  7  8  9 |
---------------+----------------------------+-----
Shields        | 4 5 6 7 8 |  8.6
Armour         | 4 5 6 7 8 |  8.4
Fighting       | 4 5 6 7 8 |  8.1
Long Blades    | 4 5 7 8 11 | 11.3
Dodging        | 1 2 |  2.1
Stealth        | |  0.6
Evocations     | |  0.3

Action                   |  1- 3 |  4- 6 |  7- 9 | 10-12 || total
-------------------------+-------+-------+-------+-------++-------
Melee: Long sword        |    55 |   202 |   397 |    48 ||   702
       Headbutt          |     8 |    23 |    94 |    16 ||   141
Invok: Heroism           |       |       |     1 |     1 ||     2
Evoke: Wand              |       |       |     6 |       ||     6
  Use: Scroll            |       |       |    21 |       ||    21
       Potion            |       |       |     1 |     1 ||     2
  Eat: Chunk             |       |     8 |    13 |       ||    21
Armor: Scale mail        |    15 |       |       |       ||    15
       Chain mail        |     5 |    97 |    98 |       ||   200
       Plate armour      |       |       |    44 |     6 ||    50
Dodge: Dodged            |    17 |    55 |    82 |     6 ||   160
Block: Shield            |    23 |    98 |   176 |    11 ||   308
       Rpst.: Long sword |     4 |    12 |    30 |     2 ||    48
